cohdb
Replays
Latest Replays
All Replays
Popular Replays
Top Player Replays
Match Explorer
How It Works
Community
CoH3 Stats
Reddit
Sign in to upload your games and track your stats! →
Sign in with Steam
Match 42279184
Unlisted
Match 42279184
Overview
Messages
Build Orders
End
Royal Engineer Section
Construct Section Command Post
Dingo Light Scout Car
Vickers Machine Gun Team
Vickers Machine Gun Team
Construct Platoon Command Post
Humber Armored Car
Construct Field Infirmary
6-pounder Anti-tank Gun Team
Selects Air and Sea Battlegroup
Selects Commando Section Paradrop
Selects M1 Pack Howitzer Paradrop
M1 Pack Howitzer Paradrop
Construct Company Command Post
Foot Guards Section
Selects Supply Surplus
Selects UNKNOWN (223837)
Centaur IV Medium Tank
Matilda II Heavy Tank
RunningWithFate
Onoyk
NEP_wilson_NEP
qUiBbLe WiBbLe
0
0
Comments
sign in to comment!
No comments posted yet!